 Dungeon Sprint DCSS version 0.21-a0-401-g0b6bec4 (webtiles) character file.

57 Conn321 the Firebug (level 3, -5/19 HPs)
             Began as a Deep Elf Fire Elementalist on Oct 24, 2017.
             Was an Initiate of Sif Muna.
             Splashed by an oklob sapling priest's acid (13 damage)
             ... in the Dungeon (Sprint IV: "Fedhas' Mad Dash").
             The game lasted 00:01:20 (324 turns).

Conn321 the Firebug (Deep Elf Fire Elementalist)     Turns: 324, Time: 00:01:21

Health: -5/19      AC: -2    Str:  5    XL:     3   Next: 73%
Magic:  6/11       EV: 14    Int: 20    God:    Sif Muna [......]
Gold:   32         SH:  0    Dex: 15    Spells: 8/12 levels left

rFire    . . .     SeeInvis .   (no weapon)
rCold    . . .     Gourm    .   (no shield)
rNeg     . . .     Faith    .   a - +0 robe
rPois    .         Spirit   .   (no helmet)
rElec    .         Reflect  .   (no cloak)
rCorr    .         Harm     .   (no gloves)
MR       .....     NoTele   +   (no boots)
Stlth    ++........             k - amulet of invisibility {+Inv}
HPRegen  0.06/turn              (no ring)
MPRegen  0.12/turn              (no ring)

@: corroded, very slightly contaminated
A: no striking features
a: Renounce Religion, Evoke Invisibility


You were in the Dungeon.
You worshipped Sif Muna.
Sif Muna was noncommittal.
You were not hungry.

You visited 1 branch You collected 32 gold pieces.

Inventory:

Armour
 a - a +0 robe (worn)
Jewellery
 k - the amulet of invisibility (around neck) {+Inv}
   (You found it in the Dungeon)

   [amulet of nothing]

   It lets you turn invisible.
Scrolls
 i - a scroll of blinking
Potions
 d - a potion of curing
 e - a potion of heal wounds
 f - a potion of haste
 g - 2 potions of magic
 h - a potion of berserk rage
 j - a potion of invisibility {unknown}
Books
 b - a book of Flames

   Spells                             Type                      Level
   a - Flame Tongue                   Conjuration/Fire             1
   b - Throw Flame                    Conjuration/Fire             2
   c - Conjure Flame                  Conjuration/Fire             3
   d - Inner Flame                    Hexes/Fire                   3
   e - Sticky Flame                   Conjuration/Fire             4
   f - Fireball                       Conjuration/Fire             5
Comestibles
 c - a bread ration


   Skills:
 + Level 4.0 Dodging
 + Level 3.5 Stealth
 + Level 5.2 Spellcasting
 + Level 1.9 Conjurations
 + Level 6.7 Fire Magic
 + Level 0.4 Evocations


You had 8 spell levels left.
You knew the following spells:

 Your Spells              Type           Power        Failure   Level  Hunger
a - Flame Tongue          Conj/Fire      ###..        1%          1    None
b - Conjure Flame         Conj/Fire      ###.....     6%          3    ##.....


Dungeon Overview and Level Annotations

Branches:
Dungeon (1/1)

Altars:
Cheibriados
Dithmenos
Elyvilon
Gozag
Hepliaklqana
Kikubaaqudgha
Makhleb
Nemelex Xobeh
Okawaru
Qazlal
Ru
Sif Muna
Trog
Uskayaw
Vehumet
Wu Jian
Xom
Yredelemnul
Zin
The Shining One
Beogh
Jiyva
Lugonu

Annotations:
D exclusion: 2 oklob saplings


Message History

Aiming: Flame Tongue
Press: ? - help, Shift-Dir - straight line, f/p - oklob sapling priest
Aim: an oklob sapling priest (hasn't noticed you)
The flame tongue hits the oklob sapling priest.
The oklob sapling priest is lightly damaged.
Casting: Flame Tongue
Confirm with . or Enter, or press ? or * to list all spells.
Aiming: Flame Tongue
Press: ? - help, Shift-Dir - straight line, f/p - oklob sapling priest
Aim: an oklob sapling priest (lightly damaged, hasn't noticed you)
The flame tongue hits the oklob sapling priest.
The oklob sapling priest appears unharmed.
The oklob sapling priest is lightly damaged.
You flicker back into view.
The oklob sapling priest spits acid at you.
The splash of acid hits you!
Ouch! That really hurt!
The acid corrodes you!
You are splashed with acid!
The acid burns!
Ouch! That really hurt!
You die...

########################
.....#.$...#.⌠._._._._.⌠
.(...'.#)..'.._._._._._.
.†...#P#...#..._._P_._..
#########'##.._.@._._._.
+.. #._._._._._.⌠ #$.
############# ###


You could see an oklob sapling priest.

Vanquished Creatures
  An oklob sapling (D)
  A worker ant (D)
  A river rat (D)
  A rat (D)
4 creatures vanquished.

Notes
Turn   | Place    | Note
-------+----------+-------------------------------------------
     0 | D        | Conn321 the Deep Elf Fire Elementalist began the quest for the Orb.
     0 | D        | Reached XP level 1. HP: 10/10 MP: 6/6
     8 | D        | Reached skill level 4 in Fire Magic
     8 | D        | Reached XP level 2. HP: 15/15 MP: 3/8
    64 | D        | Noticed an oklob sapling
    68 | D        | Found the amulet of invisibility {+Inv}
    71 | D        | Reached skill level 5 in Fire Magic
    71 | D        | Reached XP level 3. HP: 14/19 MP: 6/11
    76 | D        | Learned a level 3 spell: Conjure Flame
   312 | D        | Noticed an oklob sapling
   313 | D        | Killed an oklob sapling
   313 | D        | Reached skill level 5 in Spellcasting
   313 | D        | Reached skill level 6 in Fire Magic
   314 | D        | Found an opulent altar of Gozag.
   314 | D        | Found a hazy altar of Hepliaklqana.
   314 | D        | Found a roughly hewn altar of Beogh.
   314 | D        | Found a snail-covered altar of Cheibriados.
   315 | D        | Found a viscous altar of Jiyva.
   315 | D        | Found a burning altar of Makhleb.
   315 | D        | Found a sparkling altar of Nemelex Xobeh.
   315 | D        | Found a sacrificial altar of Ru.
   315 | D        | Found a deep blue altar of Sif Muna.
   315 | D        | Found a bloodstained altar of Trog.
   315 | D        | Found an ornate altar of the Wu Jian Council.
   315 | D        | Found a shimmering altar of Xom.
   315 | D        | Found a basalt altar of Yredelemnul.
   315 | D        | Noticed an oklob sapling priest
   316 | D        | Found an iron altar of Okawaru.
   316 | D        | Found a glowing silver altar of Zin.
   316 | D        | Found a shadowy altar of Dithmenos.
   317 | D        | Found a hide-covered altar of Uskayaw.
   317 | D        | Found an ancient bone altar of Kikubaaqudgha.
   318 | D        | Found a glowing golden altar of the Shining One.
   318 | D        | Found a stormy altar of Qazlal.
   318 | D        | Found a white marble altar of Elyvilon.
   319 | D        | Found a radiant altar of Vehumet.
   319 | D        | Found a corrupted altar of Lugonu.
   321 | D        | Became a worshipper of Sif Muna the Loreminder
   324 | D        | Splashed by an oklob sapling priest's acid

Vault maps used:
D:        dungeon_sprint_fedhas

Skill      XL: |  1  2  3 |
---------------+----------+-----
Dodging        | 3 4 |  4.0
Fire Magic     | 4 5 6 |  6.7
Stealth        | 3 |  3.5
Spellcasting   | 4 5 |  5.2
Conjurations   | |  1.9
Evocations     | |  0.4

Action                   || total
-------------------------++-------
 Cast: Flame Tongue      ||    11
 Abil: Evoke Invisibilit ||     1

Table legend:
 A = Spawn XP
 B = Non-spawn XP
 C = Spawn XP percentage of total XP
 D = Spawn monster count
 E = Non-spawn monster count
 F = Spawn count percentage of total count
 G = Total turns spent on level
                    A         B        C        D         E        F      G
               +---------+---------+-------+---------+---------+-------+---------
         Total |       0 |      82 |   0.0 |       0 |       4 |   0.0 |   324
               +---------+---------+-------+---------+---------+-------+---------
             D |       0 |      82 |   0.0 |       0 |       4 |   0.0 |   324
               +---------+---------+-------+---------+---------+-------+---------
